 Dungeon Crawl Stone Soup version 0.31.0-11-ge490571c62 (webtiles) character file.

Game seed: 11665219806275087727

69 qw the Shooter (level 4, 0/22 HPs)
             Began as a Spriggan Hunter on Feb 3, 2024.
             Slain by a gnoll
             ... wielding a +0 flail
              (3 damage)
             ... on level 3 of the Dungeon.
             The game lasted 00:00:05 (1214 turns).

qw the Shooter (Spriggan Hunter)                    Turns: 1214, Time: 00:00:05

Health: 0/22       AC:  2    Str:  7    XL:     4   Next: 2%
Magic:  5/5        EV: 19    Int: 10    God:
Gold:   105        SH:  0    Dex: 20    Spells: 3/3 levels left

rFire   . . .        a - +1 shortbow
rCold   . . .        (shield currently unavailable)
rNeg    . . .        c - +0 robe
rPois   .            (helmet restricted)
rElec   .            (no cloak)
rCorr   .            (gloves unavailable)
SInv    +            (boots unavailable)
Will    .....        (no amulet)
Stlth   ++           (no ring)
HPRegen 0.23/turn    (no ring)
MPRegen 0.09/turn

%: no passive effects
@: very quick
A: very small, no large weapons, unfitting armour, see invisible, speed 3
a: no special abilities


You were on level 3 of the Dungeon.
You visited 1 branch of the dungeon, and saw 3 of its levels.

You collected 105 gold pieces.


Innate Abilities, Weirdness & Mutations

You are very small and have problems with some larger weapons.
You are too small for most types of armour.
You have supernaturally acute eyesight. (SInv)
You cover ground extremely quickly. (Speed+++)


   Skills:
 - Level 1.5 Fighting
 - Level 5.0 Ranged Weapons
 + Level 4.3 Dodging
 - Level 1.5 Stealth


You had 3 spell levels left.
You didn't know any spells.
Your spell library was empty.

Inventory:

Hand Weapons
 a - a +1 shortbow (weapon)
Armour
 c - a +0 robe (worn)
Potions
 b - a potion of lignification {unknown}
 d - a potion of heal wounds {unknown}
 g - a potion of curing {unknown}

Dungeon Overview and Level Annotations

Branches:
Dungeon (3/15)

Altars:
Makhleb

Portals:
Sewer: D:3


Message History

You shoot an arrow. The arrow hits the orc!
You kill the orc!
Your Ranged Weapons skill increases to level 5!
Found a glowing drain.
The adder hisses angrily.
Found 2 stones.
b - a red potion You now have 105 gold pieces (gained 8).
A gnoll comes into view. It is wielding a +0 club.
A nearby plant withers and dies.
A gnoll and a goblin come into view.
You shoot an arrow. The goblin shouts!
The arrow hits the goblin!
You kill the goblin!
You hear a shout!
A gnoll comes into view. It is wielding a +0 flail.
You hear a shout!
You shoot an arrow. The arrow hits the gnoll.
The gnoll is moderately wounded.
You shoot an arrow. The arrow hits the gnoll.
The gnoll is severely wounded.
You shoot an arrow. The arrow hits the gnoll.
The gnoll is severely wounded.
A gnoll comes into view. It is wielding a +0 spear. x2
1210 ||| RETREEEEATING.
You shoot an arrow. The arrow hits the gnoll.
The gnoll is moderately wounded.
You shoot an arrow. The arrow barely misses the gnoll.
The arrow hits the gnoll.
You kill the gnoll!
The gnoll hits you with a +0 flail!
You have reached level 4!
You shoot an arrow. The arrow hits the gnoll.
The gnoll is heavily wounded.
The gnoll hits you with a +0 flail.
You shoot an arrow. The arrow hits the gnoll.
The gnoll is heavily wounded.
The gnoll hits you from afar with a +0 spear.
The gnoll hits you with a +0 flail.
You die...

##.#.#... ##......
##.###. #.###. #.##..
#....# ###..#
######################...
.....)gg@...............#
P.P.g.#######.#.######..#
..... #.(.#.# #..# .).g
##...## #..# ... #..##
#..# .g #... #..# . #....
...# ..... ..##


You could see 3 gnolls.

Vanquished Creatures
  A gnoll (D:3)
  An adder (D:2)
  A dart slug (D:1)
  A ribbon worm (D:2)
  An orc (D:3)
  A ball python (D:2)
  4 endoplasms
  A giant cockroach (D:1)
  6 hobgoblins
  A quokka (D:1)
  4 bats
  3 frilled lizards
  9 goblins
  2 kobolds
  6 rats
42 creatures vanquished.

Notes
Turn   | Place    | Note
-------+----------+-------------------------------------------
     0 | D:1      | qw the Spriggan Hunter began the quest for the Orb.
     0 | D:1      | Reached XP level 1. HP: 10/10 MP: 2/2
     0 | D:1      | 0 ||| qw: Version: 0.3-a-157-g843a77d
     0 | D:1      | 0 ||| qw: Game counter: 3924
     0 | D:1      | 0 ||| qw: Melee chars always use a shield: true
     0 | D:1      | 0 ||| qw: God list: Okawaru
     0 | D:1      | 0 ||| qw: Allow faded altars: false
     0 | D:1      | 0 ||| qw: Do Orc after clearing Dungeon:15 true
     0 | D:1      | 0 ||| qw: Do second Lair branch before Depths: true
     0 | D:1      | 0 ||| qw: Lair rune preference: random
     0 | D:1      | 0 ||| qw: Goals: Normal
     0 | D:1      | 0 ||| PLANNING D:1-11
    19 | D:1      | Reached skill level 3 in Dodging
   197 | D:1      | Reached XP level 2. HP: 14/14 MP: 3/3
   460 | D:1      | 460 ||| READING scroll labelled PUYWNU EWITUS.
   463 | D:1      | 463 ||| READING scroll labelled DAIXEU GOSHREH.
   464 | D:1      | 464 ||| READING scroll labelled HAYLEUBRIO.
   464 | D:1      | 464 ||| IDENTIFYING white potion
   465 | D:1      | 465 ||| DROPPING scroll of butterflies.
   466 | D:1      | 466 ||| DROPPING potion of brilliance.
   477 | D:2      | 477 ||| STAIRDANCE
   482 | D:2      | 482 ||| STAIRDANCE
   535 | D:2      | Reached XP level 3. HP: 18/18 MP: 4/4
   866 | D:2      | Found a burning altar of Makhleb.
  1024 | D:2      | 1024 ||| READING scroll labelled CUUDIR XUDWIG.
  1024 | D:2      | 1024 ||| ENCHANTING +0 shortbow.
  1025 | D:2      | 1025 ||| READING scroll labelled JAIRCH PUMO.
  1150 | D:3      | 1150 ||| PLANNING SEWER
  1159 | D:3      | Reached skill level 5 in Ranged Weapons
  1167 | D:3      | Found a glowing drain.
  1210 | D:3      | 1210 ||| RETREEEEATING.
  1213 | D:3      | Reached XP level 4. HP: 13/22 MP: 5/5
  1214 | D:3      | HP: 3/22 [gnoll/+0 spear (6)]
  1214 | D:3      | Slain by a gnoll

Levels and vault maps discovered:
D:1:      ldierk_walled_garden_2, layout_basic
D:2:      layout_basic, basic_altar
D:3:      layout_loops_ring, lemuel_zombie_altar_kikubaaqudgha,
          gup_sewer_entry_glass, grunt_ministairs_2, nicolae_grassy_gnolls

Skill      XL: |  1  2  3 |
---------------+----------+-----
Dodging        | 3 4 |  4.3
Ranged Weapons | 5 |  5.0
Fighting       | |  1.5
Stealth        | |  1.5

Action                     |  1- 3 |  4- 6 || total
---------------------------+-------+-------++-------
   Fire: Shortbow          |    87 |     2 ||    89
    Use: Scroll            |     5 |       ||     5
 Armour: Robe              |    10 |     3 ||    13
  Dodge: Dodged            |    18 |       ||    18

Table legend:
 A = Non-vault XP
 B = Vault XP
 C = Vault XP percentage of total XP
 D = Non-vault monster count
 E = Vault monster count
 F = Vault count percentage of total count
                 A         B        C        D         E       F
            +---------+---------+-------+---------+---------+-------
      Total |      85 |      14 |  14.1 |      41 |       1 |   2.4
            +---------+---------+-------+---------+---------+-------
        D:1 |      36 |       0 |   0.0 |      22 |       0 |   0.0
        D:2 |      43 |       0 |   0.0 |      16 |       0 |   0.0
        D:3 |       6 |      14 |  70.0 |       3 |       1 |  25.0
            +---------+---------+-------+---------+---------+-------
